Unix NetHack Version 3.7.0-90 Work-in-progress - last build Dec 4 2023 15:25:40 (a4ad6ea61a8c493010e15c9251bbb19a34919cb7,branch:master). Game began 2023-12-07 19:50:47, ended 2023-12-07 20:12:03. finitelycraig, neutral male human Tourist --- --- ---- -------------.---------.--- |..| --- --- --...................--....--- -..| |..-- --..----- --- |..--..------......-.........| |0..---...| --.....|..--..---.------ --+--........--..| |.|.[.....-- -----.................| -----.......| ------- |.|----.-..-- --...)...)..........-^-| --......---- -..-- |.| |.....---..*---...----.........| ----......--....| |.| ---.........|-..)-- |..|*.....| |............| |.| |..--------|.(.-- -----....-- ---.|.......-- |.| |..| --..-- |.d---- -----...--- ---.| --- |...| -@-- |...| |...--------...--- --..| .'-- --...---- --..[............-- ---- . |.......| -------.-.<......| --......| ------...........| |....--- --..--............-- --..-- |.....)............|. |-.| --....|...--.|.--...- |..| --..---.------------ ---- --- --- Finitelycraig the Excursionist St:13 Dx:11 Co:18 In:14 Wi:9 Ch:15 Neutral Dlvl:6 $:0 HP:0(64) Pw:21(21) AC:2 Xp:6/476 T:3641 Burdened Latest messages: You swap places with Lucey. You have a little trouble lifting M - a pair of hard shoes. Lucey picks up a hooded cloak. What do you want to wear? [xM or ?*] You finish your dressing maneuver. The rothe hits! The rothe bites! The rothe bites again! In what direction? The credit card misses the rothe. The rothe misses! The rothe misses! The rothe misses! You have nothing appropriate for your quiver. What do you want to fire? [- a or ?*] You ready: b - 11 uncursed food rations. In what direction? The rope golem hits! The rope golem misses! In what direction? The food ration misses the rope golem. # What do you want to ready? [- a or ?*] You are wielding 6 darts. Ready 5 of them? [ynq] (q) N - 5 uncursed +2 darts (at the ready). In what direction? The dart hits the rope golem. The rope golem hits! The rope golem hits again! The rope golem grabs you! In what direction? The dart hits the rope golem! In what direction? The dart hits the rope golem. The rope golem hits! The rope golem hits again! You are being choked. In what direction? The dart hits the rope golem! The rope golem hits! The rope golem hits again! You are being choked. The rope golem hits! The rope golem hits again! You are being choked. You cannot escape from the rope golem! The rope golem hits! The rope golem hits again! You are being choked. You die... Inventory: Weapons (')') a - an uncursed +2 dart (wielded) N - an uncursed +2 dart (at the ready) Armor ('[') x - an uncursed +0 helmet y - an uncursed +0 pair of gauntlets of dexterity (being worn) M - a blessed +0 pair of iron shoes (being worn) j - an uncursed +0 Hawaiian shirt with a hula dancer motif (being worn) C - an uncursed +0 elven mithril-coat (being worn) Comestibles ('%') v - an uncursed cream pie b - 10 uncursed food rations e - an uncursed lembas wafer c - an uncursed pancake f - an uncursed tin of sauteed kobold meat Scrolls ('?') o - a blessed scroll of confuse monster G - a cursed scroll of enchant weapon S - an uncursed scroll of genocide E - an uncursed scroll of gold detection P - an uncursed scroll of punishment Potions ('!') g - 3 uncursed potions of extra healing q - 4 uncursed potions of healing t - a cursed potion of healing m - a blessed potion of invisibility D - 2 cursed potions of object detection Q - a blessed potion of restore ability F - an uncursed potion of see invisible u - an uncursed potion of speed Rings ('=') s - an uncursed ring of slow digestion d - a cursed ring of teleportation Wands ('/') r - an uncursed wand of cold (0:4) h - a blessed wand of light (0:12) Tools ('(') k - an uncursed expensive camera (0:85) Y - an uncursed magic marker (0:52) p - an uncursed +0 pick-axe L - an uncursed skeleton key w - an uncursed tin whistle U - an uncursed towel Gems/Stones ('*') J - an uncursed flint stone Finitelycraig the Tourist's attributes: Background: You were an Excursionist, a level 6 male human Tourist. You were neutral, on a mission for The Lady who was opposed by Blind Io (lawful) and Offler (chaotic). You were right-handed. You were in the Gnomish Mines, on level 6. You entered the dungeon 3641 turns ago. You had 476 experience points, 164 more were needed to attain level 7. Basics: You had 0 out of 64 hit points. You had all 21 energy points (spell power). Your armor class was 2. Your wallet was empty. Autopickup was on for '$?!"=/*', with exceptions. Final Characteristics: Your strength was 13 (limit:18/100). Your dexterity was 11 (limit:18). Your constitution was 18 (limit:18). Your intelligence was 14 (limit:18). Your wisdom was 9 (limit:18). Your charisma was 15 (limit:18). Final Status: You were held by a rope golem (southwest). You weren't hungry. You were burdened; movement was slightly slowed. You were wielding a dart. You were skilled in dart. Final Attributes: You were piously aligned. You were guarded. You are dead. Miscellaneous: You disabled loading of bones levels. Total elapsed playing time was 21 minutes and 16 seconds. Major events: Turn 1: finitelycraig the neutral male human Tourist entered the dungeon 1507: attained the rank of Sightseer (level 3) 2010: entered the Gnomish Mines 2664: attained the rank of Excursionist (level 6) 3641: killed by a rope golem Vanquished creatures: 3 gnome rulers a brown pudding a dwarf leader a mountain nymph 5 gnome leaders 2 giant ants a floating eye 6 dwarves a homunculus a coyote 2 hobbits 4 manes a giant rat 2 cave spiders a green mold 26 gnomes a gecko 6 jackals 3 foxes 3 goblins 2 grid bugs 2 bats 4 lichens a kobold zombie 6 newts 86 creatures vanquished. No species were genocided or became extinct. Voluntary challenges: You read items or engraved 4 times. You never engraved Elbereth. You never genocided any monsters. You never polymorphed an object. You never changed form. You used no wishes. Achievements: You entered a shop. You attained the rank of Sightseer. You entered the Gnomish Mines. You attained the rank of Excursionist. The Dungeons of Doom: levels 1 to 3 Level 1: A fountain. Level 2: An armor shop. Level 3: A shop, a grave. Stairs down to The Gnomish Mines. The Gnomish Mines: levels 4 to 6 Level 4: Level 5: Level 6: <- You were here. Final resting place for you, killed by a rope golem. Game over: ---------- / \ / REST \ / IN \ / PEACE \ / \ | finitelycraig | | 0 Au | | killed by a rope | | golem | | | | | | 2023 | *| * * * | * _________)/\\_//(\/(/\)/\//\/|_)_______ Aloha finitelycraig the Tourist... You died in The Gnomish Mines on dungeon level 6 with 2164 points, and 0 pieces of gold, after 3641 moves. You were level 6 with a maximum of 64 hit points when you died.